 Dungeon Crawl Stone Soup version 0.26-a0-1205-g4083c211ab (webtiles) character file.

Game seed: 6823634320600645813

271 CurlyBrace the Sneak (level 6, 23/43 HPs)
             Began as a Felid Delver on Dec 29, 2020.
             Was an Initiate of Ru.
             Quit the game on level 5 of the Dungeon.
             The game lasted 00:09:12 (735 turns).

CurlyBrace the Sneak (Felid Delver)                  Turns: 735, Time: 00:09:13

Health: 23/43      AC: 23    Str:  8    XL:     6   Next: 2%
Magic:  7/7        EV:  4    Int: 13    God:    Ru [......]
Gold:   20         SH:  0    Dex: 18    Spells: 7/7 levels left
                                        Lives:  0   Deaths: 1

rFire    . . .     SeeInvis +     - Unarmed
rCold    . . .     Faith    .   (shield unavailable)
rNeg     + + +     Spirit   +   (armour unavailable)
rPois    +         Reflect  .   (helmet unavailable)
rElec    .         Harm     .   (cloak unavailable)
rCorr    .         Rampage  .   (gloves unavailable)
Will     .....     NoTele   +   (boots unavailable)
Stlth    ++++......             m - amulet of guardian spirit
HPRegen  0.14/turn              (no ring)
MPRegen  0.10/turn              (no ring)

@: tree-form
A: very small, no armour, no weapons or thrown items, stealth, see invisible,
low mp 1, evolution 1
a: Renounce Religion


You were on level 5 of the Dungeon.
You worshipped Ru.
Ru was noncommittal.
You were a tree.
You visited 1 branch of the dungeon, and saw 4 of its levels.
You also visited: Ossuary.

You collected 20 gold pieces.

Inventory:

Jewellery
 b - an uncursed amulet of magic regeneration
   (You found it on level 5 of the Dungeon)
 m - an amulet of guardian spirit (around neck)
   (You found it on level 5 of the Dungeon)
Scrolls
 a - 3 scrolls of fog
 c - 2 scrolls of fear
 e - a scroll of noise {unknown}
 g - 2 scrolls of amnesia {unknown}
 n - 2 scrolls of enchant weapon {unknown}
 x - 2 scrolls of remove curse
Potions
 d - a potion of might
 i - 2 potions of brilliance
 q - a potion of curing


   Skills:
 * Level 4.6 Fighting
 + Level 4.3 Dodging
 - Level 7.0 Stealth
 * Level 4.5 Unarmed Combat
 - Level 1.0 Spellcasting


You had 7 spell levels left.
You didn't know any spells.
Your spell library was empty.

Dungeon Overview and Level Annotations

Branches:
Dungeon (7/15)            Ossuary (visited)
 Temple: D:4-7

Altars:
Fedhas
Ru
Sif Muna
Trog
Uskayaw

Shops:
D:4 [

Annotations:
D:5 exclusion: centaur
D:6 Menkaure


Innate Abilities, Weirdness & Mutations

You cannot wear armour.
You are incapable of wielding weapons or throwing items.
Your paws allow you to move quietly. (Stealth)
((You have sharp claws.))
((You have razor-sharp teeth.))
You have supernaturally acute eyesight. (SInv)
((You cover ground quickly.))
((You are covered in thick fur. (AC +2)))
((Your sharp claws are effective at attacking unaware monsters.))
((Your skin changes colour to match your surroundings (Stealth+).))
Your magical capacity is low. (-10% MP)
You evolve.


Message History

You finish putting on your uncursed amulet of guardian spirit.
You feel your power drawn to a protective spirit.
m - an amulet of guardian spirit (around neck)
There is an escape hatch in the floor here.
Found a stone staircase leading up.
There is a stone staircase leading up here.
You climb upwards.
Found three altars.
There is a stone staircase leading down here.
There is a sacrificial altar of Ru here.
You sit before the altar of Ru.
Ru welcomes you!
There is a stone staircase leading down here.
You climb downwards.
Level annotation: exclusion: centaur
There is a stone staircase leading up here.
It was a potion of lignification.
You turn into a tree.
Your roots penetrate the ground.
Are you sure you want to abandon this character and quit the game? (Confirm with "yes".)

...........##
#..##
##.........
...........#
##..##
#..........
..........##
#..#.#
##.........
.........##
#....##
#.........
#.....####
##.....#
#.........
#######
#......##
#.....(...
#.......#
##........
#.......#
#........
#.#♣...##
##.......
#####.##
######## ## #


There were no monsters in sight!

Vanquished Creatures
  2 scorpions (D:5)
  3 hounds
  A centaur skeleton (D:5)
  An orc wizard (D:4)
  A bullfrog skeleton (D:5)
  A worker ant (D:5)
  2 adders (D:5)
  2 leopard geckos
  4 orcs
  4 jackals (D:4)
  A jackal skeleton (D:4)
  A kobold zombie (Ossuary)
  A leopard gecko skeleton (D:5)
  A quokka zombie (Ossuary)
25 creatures vanquished.

Vanquished Creatures (others)
  3 toadstools (D:6)
3 creatures vanquished.

Grand Total: 28 creatures vanquished

Notes
Turn   | Place    | Note
-------+----------+-------------------------------------------
     0 | D:5      | CurlyBrace the Felid Delver began the quest for the Orb.
     0 | D:5      | Reached XP level 1. HP: 10/10 MP: 2/2
    11 | D:6      | Noticed Menkaure
    18 | D:6      | Noticed a scorpion
    18 | D:6      | Noticed an ice beast
    30 | D:5      | Noticed a scorpion
    34 | D:5      | Killed a scorpion
    35 | D:5      | Reached skill level 7 in Stealth
    35 | D:5      | Reached XP level 2. HP: 14/14 MP: 3/3
    35 | D:5      | Reached XP level 3. HP: 17/17 MP: 4/4
    38 | D:5      | Noticed a centaur
   148 | D:5      | Reached XP level 4. HP: 21/21 MP: 5/5
   204 | D:5      | Noticed an ice beast
   216 | D:5      | Slain by an ice beast
   217 | D:5      | Reached XP level 3. HP: -4/18 MP: 0/5
   253 | D:4      | Found a sand-covered staircase.
   259 | Ossuary  | Entered an ossuary
   369 | D:4      | Reached skill level 1 in Spellcasting
   369 | D:4      | Reached XP level 4. HP: 18/22 MP: 3/6
   376 | D:4      | Gained mutation: Your skin changes colour to match your
                  | surroundings (Stealth+). [potion of mutation]
   376 | D:4      | Gained mutation: Your magical capacity is low. (-10% MP)
                  | [potion of mutation]
   376 | D:4      | Gained mutation: You evolve. [potion of mutation]
   412 | D:4      | Noticed a +0 hand axe
   413 | D:4      | Noticed a +0 dagger
   416 | D:4      | Found a hide-covered altar of Uskayaw.
   438 | D:4      | Found a blossoming altar of Fedhas.
   497 | D:4      | Reached XP level 5. HP: 15/25 MP: 3/6
   553 | D:4      | Found Nutaelau's Armour Shop.
   619 | D:7      | Noticed an orc warrior
   656 | D:5      | Gained mutation: You are covered in thick fur. (AC +2)
                  | [Felid growth]
   656 | D:5      | Reached XP level 6. HP: 9/29 MP: 4/7
   724 | D:4      | Found a sacrificial altar of Ru.
   724 | D:4      | Found a bloodstained altar of Trog.
   724 | D:4      | Found a shimmering blue altar of Sif Muna.
   728 | D:4      | Became a worshipper of Ru the Awakened
   735 | D:5      | Quit the game

Illustrated notes

Levels and vault maps discovered:
D:4:      layout_loops_ring, dancing_weapons_uskayaw,
          nicolae_overflow_hidden_temple, kennysheep_mini, serial_shops,
          nicolae_shop_crystal, nicolae_ossuary_entry_false_entrances,
          uniq_pikel
D:5:      layout_cave_pods, minmay_temple_entry_glassed_door
D:6:      layout_gridville, hangedman_decor_clover_reticule,
          hangedman_abyss_or_decor_slice, minmay_gold_behind_fungi,
          minivault_27, amcnicky_altar_lugonu_corruption, uniq_menkaure
D:7:      minmay_inner_zag, layout_basic, gammafunk_temple_overflow_forgotten

Skill      XL: |  1  2  3  4 |
---------------+-------------+-----
Dodging        | 3 4 |  4.3
Stealth        | 7 |  7.0
Unarmed Combat | 3 4 |  4.5
Spellcasting   | 1 |  1.0
Fighting       | 4 |  4.6

Action                   |  1- 3 |  4- 6 || total
-------------------------+-------+-------++-------
Melee: Unarmed           |    10 |    44 ||    54
       Bite              |     1 |     3 ||     4
       Punch             |     1 |     1 ||     2
Evoke: Wand              |     3 |       ||     3
  Use: Potion            |     3 |     4 ||     7
       Scroll            |     3 |     2 ||     5
 Stab: Sleeping          |     6 |     4 ||    10
Armor: Skin              |     1 |     1 ||     2
Dodge: Dodged            |    15 |    42 ||    57

Table legend: (Time is in decaauts)
 A = Elapsed time spent in this place.
 B = Non-inter-level travel time spent in this place.
 C = Inter-level travel time spent in this place.
 D = Time resting spent in this place.
 E = Time spent auto-exploring this place.
 F = Levels seen in this place.
 G = Mean time per level.
                   A        B        C        D        E       F      G
               +--------+--------+--------+--------+--------+-----+--------+
         Total |    609 |    605 |      4 |      0 |      0 |   5 |  121.8 |
       Dungeon |    547 |    543 |      4 |      0 |      0 |   4 |  136.8 |
       Ossuary |     62 |     62 |      0 |      0 |      0 |   1 |   62.0 |
               +--------+--------+--------+--------+--------+-----+--------+

Top non-repeatable levels by time:
     D:5: 347 daAuts
     D:4: 162 daAuts
 Ossuary: 62 daAuts
     D:6: 35 daAuts
     D:7: 1 daAuts
